 Dungeon Crawl Stone Soup version 0.26.0-10-g1f06aea511 (webtiles) character file.

Game seed: 4933628065633289799

74 mopl the Changer (level 4, 0/31 HPs)
             Began as a Spriggan Transmuter on Jan 20, 2021.
             Slain by a centaur (5 damage)
             ... on level 6 of the Dungeon.
             The game lasted 00:02:53 (1936 turns).

mopl the Changer (Spriggan Transmuter)              Turns: 1936, Time: 00:02:53

Health: 0/31       AC:  4    Str:  6 (7)  XL:     4   Next: 10%
Magic:  7/10       EV: 18    Int: 11 (14) God:
Gold:   155        SH:  0    Dex: 13 (16) Spells: 3/9 levels left

rFire    . . .     SeeInvis +     - Unarmed
rCold    . . .     Faith    .   (shield restricted)
rNeg     . . .     Spirit   .   a - +0 robe
rPois    .         Reflect  .   m - +2 hat
rElec    .         Harm     .   (no cloak)
rCorr    .         Rampage  .   (gloves unavailable)
Will     .....                  (boots unavailable)
Stlth    ..........             t - amulet of the acrobat
HPRegen  0.10/turn              b - ring of attention (curse)
MPRegen  0.12/turn              (no ring)

@: berserking, lethally poisoned (0 -> -3), very slightly contaminated, very
quick
A: very small, unfitting armour, see invisible, speed 3
a: no special abilities


You were on level 6 of the Dungeon.
You visited 1 branch of the dungeon, and saw 4 of its levels.

You collected 155 gold pieces.

Inventory:

Missiles
 l - 39 stones
 o - 41 sling bullets
Armour
 a - a +0 robe (worn)
 m - a +2 hat (worn)
Jewellery
 b - a cursed ring of attention (left hand)
 t - an amulet of the acrobat (around neck)
Scrolls
 c - 2 scrolls of blinking {unknown}
 d - 5 scrolls of remove curse {unknown}
 e - a scroll of fog {unknown}
 h - 4 scrolls of identify {unknown}
 k - a scroll of enchant armour {unknown}
 q - 2 scrolls of immolation {unknown}
 s - a scroll of random uselessness {unknown}
Potions
 i - a potion of lignification {unknown}
 j - a potion of mutation {unknown}
 n - a potion of flight {unknown}
 p - a potion of brilliance {unknown}
 r - a potion of attraction {unknown}
 u - a potion of haste {unknown}


   Skills:
 - Level 0.7 Fighting
 - Level 3.0 Dodging
 * Level 3.3 Unarmed Combat
 + Level 3.4 Spellcasting
 + Level 3.6 Transmutations
 + Level 0.8 Poison Magic


You had 3 spell levels left.
You knew the following spells:

 Your Spells              Type           Power        Failure   Level
a - Beastly Appendage     Tmut           18%          5%          1
b - Spider Form           Tmut/Pois      3%           30%         3
w - Wereblood             Tmut           9%           9%          2

Your spell library contained the following spells:

 Spells                   Type           Power        Failure   Level
 Ice Form                 Ice/Tmut       5%           75%         4
 Blade Hands              Tmut           4%           83%         5


Dungeon Overview and Level Annotations

Branches:
Dungeon (3/15)

Altars:
Okawaru


Innate Abilities, Weirdness & Mutations

You are very small and have problems with some larger weapons.
You are too small for most types of armour.
You have supernaturally acute eyesight. (SInv)
You cover ground extremely quickly.


Message History

Found a puce potion.
Casting: Beastly Appendage (safe; 4% risk of failure)
Confirm with . or Enter, or press ? or * to list all spells.
The spell is extremely dangerous to cast (24% risk of failure)!
Continue anyway?
You miscast Spider Form.
You are very lightly contaminated with residual magic.
You feel odd!
You are poisoned.
You feel sick. The centaur hits you!
* * * LOW HITPOINT WARNING * * *
Unknown command.
It was a potion of degeneration.
There was something very wrong with that liquid.
You feel weakened.
You feel dopey.
You feel clumsy. The centaur completely misses you. The centaur misses you.
It was a potion of berserk rage.
A red film seems to cover your vision as you go berserk!
You feel yourself moving faster!
You feel mighty!
You feel sick. The centaur hits you.
You die...

# #. #.##
#...####
#......##
#.......#####
##............
#.....@....#
#.......c...#
............#
............#
...##.......#
.. #......## .
##....##
##!###


You could see a centaur.

Vanquished Creatures
  3 adders (D:2)
  An ooze (D:1)
  A worm (D:2)
  A dart slug (D:1)
  2 leopard geckos (D:1)
  A ball python (D:1)
  4 bats (D:1)
  2 giant cockroaches
  6 goblins (D:1)
  2 hobgoblins (D:1)
  7 kobolds
  4 frilled lizards (D:1)
  6 rats
40 creatures vanquished.

Notes
Turn   | Place    | Note
-------+----------+-------------------------------------------
     0 | D:1      | mopl the Spriggan Transmuter began the quest for the Orb.
     0 | D:1      | Reached XP level 1. HP: 9/9 MP: 5/5
   142 | D:1      | Reached skill level 3 in Transmutations
   142 | D:1      | Reached XP level 2. HP: 13/14 MP: 4/6
   146 | D:1      | Learned a level 2 spell: Wereblood
   212 | D:1      | Reached skill level 3 in Spellcasting
   417 | D:1      | Reached skill level 3 in Unarmed Combat
   463 | D:1      | Reached XP level 3. HP: 13/17 MP: 8/8
   495 | D:1      | Learned a level 3 spell: Spider Form
   999 | D:2      | Found an iron altar of Okawaru.
  1178 | D:2      | Reached XP level 4. HP: 5/21 MP: 7/10
  1933 | D:3      | You fall into a shaft and drop 3 floors!
  1933 | D:6      | Noticed a centaur
  1936 | D:6      | Slain by a centaur

Illustrated notes

Levels and vault maps discovered:
D:1:      dpeg_arrival_three_bigger_balls, layout_basic,
          chequers_serial_rivers_micro_e
D:2:      layout_basic, okawaru_trees_2
D:3:      layout_basic, uniq_jessica
D:6:      layout_cave_pods, minmay_temple_entry_stoned_glass

Skill      XL: |  1  2 |
---------------+-------+-----
Transmutations | 3 |  3.6
Spellcasting   | 3 |  3.4
Unarmed Combat | 3 |  3.3
Fighting       | |  0.7
Dodging        | |  3.0
Poison Magic   | |  0.8

Action                   |  1- 3 |  4- 6 || total
-------------------------+-------+-------++-------
Melee: Unarmed           |   108 |    10 ||   118
       Kick              |    13 |     1 ||    14
       Headbutt          |     7 |     3 ||    10
       Punch             |     1 |       ||     1
 Cast: Beastly Appendage |    14 |     4 ||    18
       Spider Form       |     3 |       ||     3
  Use: Potion            |       |     2 ||     2
Armor: Robe              |    10 |     2 ||    12
Dodge: Dodged            |    87 |     9 ||    96
